[Event "Late-Titled-Tuesday-Blitz-November-28-2023"]
[Site "Chess.com"]
[Date "2023.11.28"]
[Round "1"]
[White "zivicd"]
[Black "Goryachkina"]
[Result "0-1"]
[WhiteElo "2328"]
[BlackElo "2629"]
[TimeControl "180+1"]
[EndTime "14:06:19 PST"]
[Termination "Goryachkina won by resignation"]

1. c4 Nf6 2. Nc3 c5 3. Nf3 Nc6 4.
g3 g6 5. Bg2 Bg7 6. O-O d6 7. d4 cxd4 8. Nxd4 Bd7 9. Nxc6 Bxc6 10. e4 h5 11. h3 O-O 12. Qc2 Rc8 13. b3 Nxe4 14. Bxe4 Bxe4 15. Qxe4 Bxc3 16. Rb1 Qd7 17. Be3 b6 18. Kg2 Bg7 19. Rfd1 Qc6 20. Qxc6 Rxc6 21.
f4 Rfc8 22. Rd2 Kf8 23. Rbd1 Ke8 24. Kf3 Kd7 25. g4 hxg4+ 26. hxg4 Rh8 27. Kg3 f5 28. g5 Rcc8 29. a4 Rh5 30. Rh2 Rxh2 31. Kxh2 Rh8+ 32. Kg3 e5 33. b4 Ke6 34. c5 bxc5 35. bxc5 dxc5 36.
Bxc5 exf4+ 37. Kg2 Be5 38. Re1 Kd5 39. Bxa7 Ra8 40.
Rd1+ Ke6 41. Bd4 Rxa4 42. Bxe5 Kxe5 43. Rd8 Ra2+ 44. Kf3 Ra3+ 45. Kf2 Rg3 0-1

[Event "Late-Titled-Tuesday-Blitz-November-28-2023"]
[Site "Chess.com"]
[Date "2023.11.28"]
[Round "1"]
[White "Koksal06"]
[Black "jamengrand"]
[Result "1-0"]
[WhiteElo "2608"]
[BlackElo "2305"]
[TimeControl "180+1"]
[EndTime "14:06:20 PST"]
[Termination "Koksal06 won by resignation"]

1. c4 e6 2. Nc3 d5 3. d4 Nf6 4. Nf3 c5 5. cxd5 Nxd5 6. e4 Nxc3 7. bxc3 cxd4 8. cxd4 Bb4+ 9. Bd2 Bxd2+ 10. Qxd2 O-O 11.
Bc4 b6 12. O-O Bb7 13. Qe3 Nd7 14. Rfd1 h6 15. h3 Rc8 16. Bb3 Qe7 17. Qf4 Qf6 18. Qe3 Qe7 19. Rac1 Nf6 20. Nd2 Rxc1 21. Rxc1 Qa3 22.
Rc7 Ba8 23. f3 Ne8 24. Nc4 Qb4 25. Rxa7 b5 26. Ne5 Nf6 27. Rc7 Qd6 28. Qc3 Rd8 29. Nxf7 Qxd4+ 30. Qxd4 Rxd4 31. Bxe6 Kh7 32. Bf5+ Kg8 33.
Bg6 Rc4 34. Ra7 Rc8 35. Nd6 Rb8 36. Nf5 Nxe4 37. fxe4 Bxe4 38. Ne7+ Kf8 39. Bxe4 b4 40. Ng6+ 1-0

[Event "Late-Titled-Tuesday-Blitz-November-28-2023"]
[Site "Chess.com"]
[Date "2023.11.28"]
[Round "1"]
[White "maurovargas01"]
[Black "Langua_Chess"]
[Result "0-1"]
[WhiteElo "1843"]
[BlackElo "2509"]
[TimeControl "180+1"]
[EndTime "14:06:20 PST"]
[Termination "Langua_Chess won by resignation"]

1. e4 c5 2. Nc3 d6 3. f4 a6 4. Nf3 b5 5. d3 Bb7 6. Nd5 e6 7. Ne3 Nf6 8. g3 Nc6 9. Bg2 Be7 10. O-O Nd4 11. Nd2 Qc7 12. c3 Nc6 13. Nf3 Rc8 14.
h3 b4 15. Bd2 a5 16. g4 Nd7 17. f5 Nde5 18. fxe6 fxe6 19. d4 cxd4 20. cxd4 Nxf3+ 21. Bxf3 Nxd4 22. Bg2 Ba6 23. Rf2 Bh4 24. Rc1 Bxf2+ 25.
Kxf2 Qf7+ 26. Kg1 Ne2+ 27. Kh1 Nxc1 28. Bxc1 O-O 29. b3 Be2 30. Qd2 Qf2 31. Bb2 Bd3 32. Qxd3 Qxb2 33. Qxd6 Qc1+ 34. Kh2 Qxe3 35. Qxe6+ Kh8 36.
e5 Qf4+ 37. Kg1 Rc1+ 0-1

[Event "Late-Titled-Tuesday-Blitz-November-28-2023"]
[Site "Chess.com"]
[Date "2023.11.28"]
[Round "1"]
[White "jinxy2009"]
[Black "karinachess1"]
[Result "0-1"]
[WhiteElo "2277"]
[BlackElo "2598"]
[TimeControl "180+1"]
[EndTime "14:06:24 PST"]
[Termination "karinachess1 won by resignation"]

1. e4 c5 2. Nf3 a6 3. c4 Nc6 4. d4 cxd4 5. Nxd4 Nf6 6. Nc3 e5 7. Nc2 Bc5 8. Be2 h6 9. Be3 Be7 10. O-O d6 11. f3 O-O 12. Qd2 Be6 13.
Rfd1 Rc8 14. Rac1 Nb8 15. Nd5 Bxd5 16. cxd5 Nbd7 17. b4 Nh5 18. Bf1 Bg5 19. a4 Nb6 20.
Bxg5 hxg5 21. a5 Nc4 22. Qf2 Nb2 23. Re1 Nf4 24. Qe3 Nc4 25. Qf2 Qf6 26. Ne3 Nxe3 27.
Qxe3 Qh6 28. h3 g4 29. fxg4 Ne2+ 30. Qxe2 Rxc1 31. Rxc1 Qxc1 32. Kh2 Rc8 33. g5 Qxg5 34.
Qf3 Rc2 35. b5 axb5 36. Bxb5 Rc5 37. Be2 Rxa5 38. Qc3 Rc5 39. Qb3 Qf4+ 40. Kg1 Rc1+ 41. Bd1 Qd2 0-1

[Event "Late-Titled-Tuesday-Blitz-November-28-2023"]
[Site "Chess.com"]
[Date "2023.11.28"]
[Round "1"]
[White "2Killer2"]
[Black "Fernando-Freire"]
[Result "1-0"]
[WhiteElo "2412"]
[BlackElo "2626"]
[TimeControl "180+1"]
[EndTime "14:06:30 PST"]
[Termination "2Killer2 won by checkmate"]

1. d4 Nf6 2. Nf3 g6 3. e3 Bg7 4. Be2 d6 5. c4 O-O 6. Nc3 Nc6 7.
O-O e5 8. Qc2 Bf5 9. Qb3 exd4 10.
exd4 Rb8 11. h3 Re8 12. Be3 Ne4 13. Nxe4 Bxe4 14. Rfd1 a6 15. d5 Ne5 16. Nxe5 Bxe5 17. Bf1 Qf6 18. Rd2 c5 19. a4 Bf5 20. Re1 g5 21. Bd3 Qg6 22. Bxf5 Qxf5 23. Qc2 Qxc2 24. Rxc2 b5 25. axb5 axb5 26. Bxg5 Bh2+ 27. Kxh2 Rxe1 28. Bf4 Rb6 29. cxb5 Kf8 30. b4 cxb4 31. Rc6 Rxb5 32. Bxd6+ Kg7 33. Bc5 Rd1 34. d6 b3 35. Be3 b2 36. d7 b1=Q 37. Bh6+ Kg8 38. Rc8# 1-0

[Event "Late-Titled-Tuesday-Blitz-November-28-2023"]
[Site "Chess.com"]
[Date "2023.11.28"]
[Round "1"]
[White "TheMagician"]
[Black "Squirlolz"]
[Result "1/2-1/2"]
[WhiteElo "2308"]
[BlackElo "2598"]
[TimeControl "180+1"]
[EndTime "14:06:33 PST"]
[Termination "Game drawn by agreement"]

1. d4 Nf6 2. c4 c5 3. d5 e6 4. Nc3 exd5 5. cxd5 d6 6. e4 g6 7. Bb5+ Nbd7 8. a4 Bg7 9. Bf4 Qe7 10.
f3 O-O 11. Nge2 Ne5 12. a5 Bd7 13. Bxd7 Nfxd7 14. a6 Rab8 15. O-O bxa6 16. Rxa6 Rxb2 17. Rxa7 Rfb8 18. Qa4 Qd8 19. Bc1 R2b4 20. Qa5 Nb6 21. Qa2 Nbc4 22. h3 Qb6 23. Ra6 Qc7 24. Kh1 Nd3 25. Ra7 R8b7 26. Ra8+ Rb8 27. Ra7 Qd8 28. Ba3 Nxa3 29. Rxa3 Rb3 30. Rxb3 1/2-1/2

[Event "Late-Titled-Tuesday-Blitz-November-28-2023"]
[Site "Chess.com"]
[Date "2023.11.28"]
[Round "1"]
[White "KejJaj"]
[Black "tgpgoat"]
[Result "1-0"]
[WhiteElo "2182"]
[BlackElo "2520"]
[TimeControl "180+1"]
[EndTime "14:06:33 PST"]
[Termination "KejJaj won by resignation"]

1. d4 Nf6 2. Bf4 d5 3. e3 c5 4. Nd2 Nc6 5. c3 e6 6. Ngf3 Bd6 7. Bg3 O-O 8. Bd3 b6 9. e4 dxe4 10. Nxe4 Nxe4 11. Bxe4 Bb7 12. dxc5 Bxc5 13. Qa4 Rc8 14. Rd1 Qe7 15. O-O a5 16. Bh4 f6 17.
h3 Rfd8 18. Bg3 Na7 19. Bxb7 Qxb7 20. Qb3 Qe7 21. Rxd8+ Rxd8 22. Rd1 Rxd1+ 23. Qxd1 e5 24. Qd5+ Qf7 25. Qa8+ Bf8 26. Nd2 Nb5 27. a4 Nd6 28. Qb8 Nf5 29. Qxb6 Nxg3 30. fxg3 Qd5 31. Nb3 h5 32. h4 Qd1+ 33. Kh2 e4 34. Qe6+ Kh8 35.
Nxa5 Qd3 36. Nc4 Bc5 37. Qe8+ Kh7 38. Qxh5+ Kg8 39. Qxc5 e3 40. Nxe3 1-0

[Event "Late-Titled-Tuesday-Blitz-November-28-2023"]
[Site "Chess.com"]
[Date "2023.11.28"]
[Round "1"]
[White "VincentKeymer"]
[Black "cthulhuuu"]
[Result "1-0"]
[WhiteElo "3010"]
[BlackElo "2485"]
[TimeControl "180+1"]
[EndTime "14:06:36 PST"]
[Termination "VincentKeymer won by resignation"]

1. a3 Nf6 2. Nf3 g6 3. b4 Bg7 4.
Bb2 O-O 5. g3 d6 6. Bg2 e5 7. d3 Re8 8. O-O c6 9. c4 Qc7 10. Nc3 d5 11. cxd5 Nxd5 12. Rc1 Nxc3 13. Bxc3 Nd7 14. b5 c5 15. Nd2 Rb8 16. a4 b6 17. a5 Bb7 18. Qa4 Bxg2 19. Kxg2 Nf6 20. Rfd1 Qb7+ 21. e4 Rbd8 22. Nc4 Nh5 23. Ra1 f5 24.
axb6 fxe4 25. Qxa7 Qd5 26. Ne3 Qb3 27. dxe4 Qxc3 28.
Rxd8 Rxd8 29. b7 Qd4 30. b8=Q Nf4+ 31. gxf4 exf4 32. Qxd8+ Qxd8 33. Qa8 Qxa8 34. Rxa8+ Kf7 35. Nd5 Be5 36. Kf3 c4 37. b6 1-0

[Event "Late-Titled-Tuesday-Blitz-November-28-2023"]
[Site "Chess.com"]
[Date "2023.11.28"]
[Round "1"]
[White "Zhigalko_Sergei"]
[Black "PowerThinking2650"]
[Result "1-0"]
[WhiteElo "2923"]
[BlackElo "2468"]
[TimeControl "180+1"]
[EndTime "14:06:36 PST"]
[Termination "Zhigalko_Sergei won by resignation"]

1. e4 e5 2. Nf3 Nc6 3. Bc4 Nf6 4. d3 h6 5. O-O d6 6. c3 g6 7. Nbd2 Bg7 8. Bb3 O-O 9. Re1 Na5 10. Bc2 c5 11.
Nf1 Nc6 12. Ng3 Re8 13. h3 d5 14. Qe2 d4 15. Bd2 Be6 16. Ba4 Qd6 17. cxd4 cxd4 18. Rec1 Rec8 19. Bxc6 bxc6 20. Qe1 c5 21. b3 Nd7 22.
Rc2 f5 23. exf5 gxf5 24. Rac1 Nb6 25. Nh5 Bh8 26. Nh4 Nd5 27. Bxh6 Kh7 28. Ng3 Qd7 29. Bd2 f4 30. Ne4 Rg8 31. Nxc5 Qe7 32. Qe4+ Kh6 33.
Nxe6 Qxe6 34. Rc6 1-0

[Event "Late-Titled-Tuesday-Blitz-November-28-2023"]
[Site "Chess.com"]
[Date "2023.11.28"]
[Round "1"]
[White "Artem_Koval"]
[Black "Freeeeeeeeeeeeeeeeee"]
[Result "1-0"]
[WhiteElo "2526"]
[BlackElo "2083"]
[TimeControl "180+1"]
[EndTime "14:06:37 PST"]
[Termination "Artem_Koval won by resignation"]

1. e4 e5 2. d4 exd4 3. Bc4 Nf6 4. Nf3 Nc6 5. O-O Nxe4 6. Nc3 Nxc3 7. bxc3 Be7 8.
cxd4 d5 9. Bb5 O-O 10. Bxc6 bxc6 11. Ne5 Bd7 12. Bf4 Bd6 13. Bg3 f6 14. Nd3 Re8 15. Qd2 Bf5 16. Rab1 Qd7 17. Rb7 Reb8 18. Rfb1 Rxb7 19.
Rxb7 Qc8 20. Rb3 Rb8 21. Qc3 Rxb3 22. axb3 Qa6 23. Ne1 Qb6 24. Bxd6 cxd6 25. h3 a5 26. Qe3 Kf7 27. g4 Be4 28. f3 Bg6 29. Kf2 Qb4 30.
h4 h5 31. gxh5 Bxh5 32. Nd3 Qb7 33. Nf4 Bg6 34. Qe6+ 1-0

[Event "Late-Titled-Tuesday-Blitz-November-28-2023"]
[Site "Chess.com"]
[Date "2023.11.28"]
[Round "1"]
[White "KNVB"]
[Black "KVAIDAN"]
[Result "1-0"]
[WhiteElo "2699"]
[BlackElo "2376"]
[TimeControl "180+1"]
[EndTime "14:06:38 PST"]
[Termination "KNVB won by checkmate"]

1. e4 e5 2. Nf3 d5 3. d4 dxe4 4.
Nxe5 Bd6 5. Bf4 Nf6 6. Nc3 O-O 7. Qd2 c5 8. O-O-O cxd4 9. Qxd4 Bxe5 10. Qxd8 Bxf4+ 11. Kb1 Bg4 12. Qe7 Bxd1 13. Nxd1 Nc6 14. Qxb7 Nd4 15.
c3 Rab8 16. Qxa7 Ne6 17. g3 Bd6 18. Qe3 Bc5 19. Qc1 Nd5 20. Be2 f5 21. Bc4 Rfd8 22.
Ne3 Bxe3 23. fxe3 Kf8 24. Rd1 Nec7 25. Rd4 Nb6 26. Rxd8+ Rxd8 27. Qf1 g6 28. Kc2 Nd7 29. a4 Ne5 30. a5 Nf3 31. Qe2 Ke7 32. b4 Kf6 33. b5 Ke5 34. b6 Nd5 35. Bxd5 Rxd5 36.
b7 Rxa5 37. b8=Q+ Kf6 38. Qb6+ Kg5 39. Qxa5 h5 40. h4+ Kg4 41. Qb6 g5 42. Qxf3+ exf3 43. hxg5 f2 44. Qb1 Kxg3 45. Qf1 h4 46. g6 h3 47. g7 Kf3 48. g8=Q h2 49. Qgg2+ Kxe3 50. Qfxf2# 1-0

[Event "Late-Titled-Tuesday-Blitz-November-28-2023"]
[Site "Chess.com"]
[Date "2023.11.28"]
[Round "1"]
[White "IlyaGrigorjev"]
[Black "GMForgacs"]
[Result "1-0"]
[WhiteElo "2898"]
[BlackElo "2453"]
[TimeControl "180+1"]
[EndTime "14:06:40 PST"]
[Termination "IlyaGrigorjev won by resignation"]

1. e4 e5 2. Nf3 Nc6 3. Bb5 a6 4. Ba4 Nf6 5. O-O Be7 6. Bxc6 dxc6 7. d3 Nd7 8. Be3 O-O 9. Nc3 f6 10. a4 Nb8 11. Nh4 Be6 12. f4 exf4 13. Rxf4 Bd6 14. Rf1 c5 15. Nf5 Nc6 16. Qg4 Qd7 17. Bf4 Ne5 18. Qh5 Bxf5 19. Qxf5 Qxf5 20. exf5 Rfe8 21. Ne4 Re7 22. a5 Rae8 23. b3 Nf7 24. Be3 Be5 25. Ra4 Bd6 26. Kf2 h6 27. h3 Ng5 28. Bxg5 hxg5 29.
g4 Re5 30. Kf3 Kf7 31. Rc4 b6 32. axb6 Rxe4 33. Rxe4 cxb6 34. Rxe8 Kxe8 35. Ke4 Kd7 36. Kd5 Be5 37. Re1 Bc7 38. Re6 a5 39. c4 Bd8 40. Rd6+ Kc7 41. Rxd8 Kxd8 42. Kc6 g6 43. fxg6 1-0

[Event "Late-Titled-Tuesday-Blitz-November-28-2023"]
[Site "Chess.com"]
[Date "2023.11.28"]
[Round "1"]
[White "Heinza9"]
[Black "DefiantChair"]
[Result "0-1"]
[WhiteElo "2320"]
[BlackElo "2613"]
[TimeControl "180+1"]
[EndTime "14:06:42 PST"]
[Termination "DefiantChair won on time"]

1. e4 c5 2. Nf3 d6 3. Bb5+ Nd7 4. O-O a6 5. Be2 Ngf6 6. d3 g6 7. h3 Bg7 8. c3 e5 9. Be3 O-O 10. Nbd2 b5 11. d4 Bb7 12. d5 c4 13. a4 Rc8 14.
axb5 axb5 15. Ra7 Qc7 16. Qc2 Nc5 17. Bxc5 dxc5 18. Rfa1 Ne8 19. b3 cxb3 20. Qxb3 Nd6 21. c4 b4 22. Ne1 f5 23. f3 f4 24. Nd3 Qe7 25. Bf1 Bf6 26. Qa4 g5 27. Qa5 Nf7 28.
Qb6 Rc7 29. Nxc5 Rb8 30. Ne6 Rd7 31. c5 Qe8 32. c6 Bxc6 33. Qxc6 Rxa7 34. Rxa7 g4 35.
Qxe8+ Rxe8 36. hxg4 Nd6 37. Nc4 Nb5 38. Rb7 Nc3 39. Rxb4 Ra8 40. d6 Ra1 41. d7 Rd1 42. Rb8+ Kf7 43. d8=Q Bxd8 44. Rxd8 Rc1 45. Nxe5+ Kxe6 46.
Re8+ Kf6 47. g5+ Kxg5 48. Nd3 Ra1 0-1

[Event "Late-Titled-Tuesday-Blitz-November-28-2023"]
[Site "Chess.com"]
[Date "2023.11.28"]
[Round "1"]
[White "nicolochessit"]
[Black "reevecanada"]
[Result "1/2-1/2"]
[WhiteElo "2353"]
[BlackElo "2645"]
[TimeControl "180+1"]
[EndTime "14:06:43 PST"]
[Termination "Game drawn by repetition"]

1. e4 d6 2. d4 Nf6 3. Nc3 Nbd7 4. Nf3 e5 5. Rg1 g6 6. g4 Bg7 7. g5 Ng8 8. Bh3 exd4 9. Nxd4 Ne5 10. Bxc8 Qxc8 11.
f4 Nc6 12. Nxc6 bxc6 13. Be3 c5 14. Qd5 Ne7 15. Qc4 Qe6 16. Qxe6 fxe6 17. Kd2 O-O 18.
Rab1 c4 19. Nb5 Rfc8 20. a4 a6 21. Nd4 Kf7 22. Rgf1 c5 23. Ne2 Kg8 24. Ng3 d5 25.
f5 d4 26. f6 dxe3+ 27. Kxe3 Bf8 28. fxe7 Bxe7 29. h4 Rf8 30. e5 Rab8 31. Rxf8+ Bxf8 32. b3 Bg7 33. Ke4 Rb4 34. Ke3 Bxe5 35. Ne4 Bd4+ 36.
Kd2 cxb3 37. c3 Rxa4 38. cxd4 Rxd4+ 39. Ke3 Rb4 40. Nxc5 Rxh4 41. Nxe6 a5 42. Rf1 h6 43. Rf8+ Kh7 44. Rf7+ Kg8 45. Rf8+ Kh7 46. Rf7+ Kg8 47. Rf8+ 1/2-1/2

[Event "Late-Titled-Tuesday-Blitz-November-28-2023"]
[Site "Chess.com"]
[Date "2023.11.28"]
[Round "1"]
[White "stasOR4ik"]
[Black "vi_pranav"]
[Result "0-1"]
[WhiteElo "2490"]
[BlackElo "3056"]
[TimeControl "180+1"]
[EndTime "14:06:46 PST"]
[Termination "vi_pranav won by checkmate"]

1. e4 e5 2. Nf3 Nc6 3. Bb5 a6 4. Ba4 d6 5. O-O Bd7 6. c3 g6 7. d4 Bg7 8. dxe5 dxe5 9. Re1 Nge7 10. Nbd2 O-O 11. Nf1 Nc8 12. b4 Nd6 13. Bb3 h6 14. a4 Kh7 15. Ng3 Qe7 16. Ba3 b5 17. axb5 axb5 18.
Bb2 Rxa1 19. Qxa1 Be6 20. Bd5 Nd8 21. c4 f6 22. c5 Nc4 23. Bc3 c6 24. Bxc4 Bxc4 25.
Rd1 Nf7 26. Qa6 Qc7 27. h4 h5 28. Kh2 Be6 29. Nf1 f5 30. exf5 e4+ 31. Ng3 Bxf5 32. Bxg7 Kxg7 33. Nd4 Bg4 34. f3 exf3 35. gxf3 Bd7 36.
Qb6 Qf4 37. Qa7 Qxh4+ 38. Kg2 Qh3+ 39. Kf2 Qh2+ 40. Ke3 Re8+ 41. Ne4 Ne5 42. Nxc6 Nc4+ 43.
Kd4 Qb2+ 44. Kd5 Re5+ 45. Nxe5 Qxe5# 0-1

[Event "Late-Titled-Tuesday-Blitz-November-28-2023"]
[Site "Chess.com"]
[Date "2023.11.28"]
[Round "1"]
[White "koncheto"]
[Black "e4evr"]
[Result "0-1"]
[WhiteElo "2511"]
[BlackElo "2112"]
[TimeControl "180+1"]
[EndTime "14:06:47 PST"]
[Termination "e4evr won by resignation"]

1. e4 c5 2. Nf3 Nc6 3. d4 cxd4 4. Nxd4 Nf6 5. Nc3 d6 6. Bg5 Bd7 7. Bb5 Nxd4 8. Bxd7+ Qxd7 9. Qxd4 Rc8 10. O-O-O a6 11. Rhe1 e5 12. Qd3 Be7 13. Bxf6 gxf6 14. Nd5 Rc6 15. Qf3 O-O 16. Qxf6 Rxc2+ 17. Kxc2 Qa4+ 18. Kb1 Bxf6 19. Nxf6+ Kg7 20. Nd5 Rc8 21. Rd2 Qa5 22.
Red1 Rc4 23. f3 Rd4 24. Rxd4 exd4 25. Rxd4 Qe1+ 26. Kc2 Qg1 27. Rd2 Qxh2 28. Ne3 b5 29.
Rxd6 f6 30. Rd3 Qg1 31. Nf5+ Kg6 32. Rd2 Qc5+ 33. Kb1 b4 34. Rd4 a5 35. Nh4+ Kf7 36.
Nf5 a4 37. Rd7+ Ke8 38. Rd2 b3 39. axb3 axb3 40. Rd1 Qc2+ 0-1

[Event "Late-Titled-Tuesday-Blitz-November-28-2023"]
[Site "Chess.com"]
[Date "2023.11.28"]
[Round "1"]
[White "mr_gustavo"]
[Black "Good_Knight_Kiss"]
[Result "1-0"]
[WhiteElo "2628"]
[BlackElo "2327"]
[TimeControl "180+1"]
[EndTime "14:06:51 PST"]
[Termination "mr_gustavo won by resignation"]

1. d4 Nf6 2. Bf4 g6 3. Nf3 Bg7 4. e3 d6 5. Nbd2 O-O 6. c3 Nfd7 7. h3 h6 8. Be2 e5 9. Bh2 Nc6 10. O-O f5 11. b4 g5 12. Qb3+ Kh8 13. dxe5 dxe5 14.
Nc4 f4 15. b5 Ne7 16. Rad1 Qe8 17. exf4 exf4 18. Rfe1 Qf7 19. Nd4 Ne5 20. Nxe5 Qxb3 21. axb3 Bxe5 22. Bg4 Ng6 23. c4 Bxg4 24. hxg4 Bxd4 25.
Rxd4 Rad8 26. Red1 Rxd4 27. Rxd4 Re8 28. Kf1 Ne5 29.
f3 Kg7 30. Bg1 Kf6 31. Re4 Re6 32. Bd4 a6 33. bxa6 bxa6 34. Ke2 c6 35. Kd2 Re8 36. Kc3 a5 37. Kb2 c5 38. Bc3 Re7 39. Ka3 Re6 40. Ka4 Re7 41. Kxa5 Ra7+ 42. Kb6 Re7 1-0

[Event "Late-Titled-Tuesday-Blitz-November-28-2023"]
[Site "Chess.com"]
[Date "2023.11.28"]
[Round "1"]
[White "Haykoooo0o"]
[Black "mind1mover"]
[Result "0-1"]
[WhiteElo "2415"]
[BlackElo "2752"]
[TimeControl "180+1"]
[EndTime "14:06:54 PST"]
[Termination "mind1mover won by checkmate"]

1. d4 Nc6 2. Nf3 Nf6 3. Bf4 d6 4. h3 g6 5. e3 Bg7 6. c3 O-O 7. Be2 b6 8. O-O Bb7 9. Bh2 e6 10. Nbd2 Ne7 11. Rc1 h6 12. Re1 Nd7 13. b4 f5 14. Qb3 Nd5 15. c4 N5f6 16. c5 Bd5 17.
Bc4 Bxc4 18. Qxc4 d5 19. Qb3 b5 20. a4 a6 21. Ra1 c6 22. Ra3 g5 23. Rea1 g4 24.
hxg4 fxg4 25. Ne5 Rc8 26. axb5 axb5 27. Ra6 Nxe5 28. Bxe5 Nh5 29. Bd6 Qh4 30. Bxf8 Rxf8 31. Rf1 Rf5 32. f4 Ng3 33. Rxc6 Ne2# 0-1

[Event "Late-Titled-Tuesday-Blitz-November-28-2023"]
[Site "Chess.com"]
[Date "2023.11.28"]
[Round "1"]
[White "C_K_G"]
[Black "Maxfan2008"]
[Result "0-1"]
[WhiteElo "2186"]
[BlackElo "2548"]
[TimeControl "180+1"]
[EndTime "14:06:55 PST"]
[Termination "Maxfan2008 won on time"]

1. e4 c5 2. Nf3 e6 3. d4 cxd4 4.
Nxd4 Nf6 5. Nc3 Nc6 6. Be2 Bb4 7. Nxc6 bxc6 8. e5 Nd5 9. Bd2 Qa5 10. Ne4 O-O 11.
c3 Be7 12. O-O Qc7 13. f4 Ba6 14. Bxa6 Qb6+ 15. Kh1 Qxa6 16. Qg4 f5 17. exf6 Nxf6 18. Nxf6+ Rxf6 19. Be3 c5 20. Rfd1 Qc6 21. Rd2 Raf8 22. Rad1 d6 23. Kg1 Rg6 24. Qh3 Rf5 25. Re1 h5 26.
Rde2 Kf7 27. Bc1 Qd5 28. Rd2 Qxa2 29. Rde2 Qd5 30. Rd2 Qc4 31. Rde2 Kg8 0-1

[Event "Late-Titled-Tuesday-Blitz-November-28-2023"]
[Site "Chess.com"]
[Date "2023.11.28"]
[Round "1"]
[White "Lukianoo"]
[Black "Mikhal867"]
[Result "1-0"]
[WhiteElo "2823"]
[BlackElo "2428"]
[TimeControl "180+1"]
[EndTime "14:06:56 PST"]
[Termination "Lukianoo won on time"]

1. e4 g6 2. d4 Bg7 3. Nc3 d6 4.
Be2 a6 5. a4 b6 6. h4 h6 7. h5 g5 8. f4 gxf4 9. Bxf4 Nc6 10.
Nf3 Bg4 11. Be3 Nf6 12. Nh4 Bxe2 13. Qxe2 Qd7 14. Nf5 Rg8 15. Qf3 O-O-O 16. O-O-O Bh8 17. e5 Ng4 18. Rh4 Nxe3 19. Nxe3 e6 20. exd6 Qxd6 21.
Nc4 Qd7 22. d5 exd5 23. Rxd5 Qe7 24. Re4 Qb4 25. Nd6+ Qxd6 26. Rxd6 Rxd6 27. Rc4 Kb7 28. Nb5 axb5 29. axb5 Rgd8 30. c3 Kb8 31. Rxc6 Be5 32.
Rxd6 Bxd6 33. Qxf7 Rf8 34. Qg7 Rf1+ 35. Kc2 Rf2+ 36. Kb3 Rf5 37. Qxh6 Rxb5+ 38. Kc2 Rf5 39. g4 Rf2+ 40. Kb3 Bf4 41. Qf8+ Ka7 42. h6 Be3 43. Qxf2 Bxf2 44. h7 1-0

[Event "Late-Titled-Tuesday-Blitz-November-28-2023"]
[Site "Chess.com"]
[Date "2023.11.28"]
[Round "1"]
[White "Cidonka"]
[Black "TrenerChos"]
[Result "0-1"]
[WhiteElo "2269"]
[BlackElo "2595"]
[TimeControl "180+1"]
[EndTime "14:06:56 PST"]
[Termination "TrenerChos won on time"]

1. e4 e6 2. d4 d5 3. Nc3 Nf6 4. e5 Nfd7 5. f4 c5 6. Nf3 Nc6 7. Be3 a6 8. a3 Qb6 9. Qd2 Qc7 10. dxc5 Bxc5 11. O-O-O O-O 12. Qf2 Bxe3+ 13. Qxe3 f6 14. exf6 Nxf6 15. g3 Na5 16. Bh3 Nc4 17. Qd3 Qb6 18.
b3 Nxa3 19. Rhe1 Bd7 20. Ng5 Rfe8 21. Nxd5 exd5 22. Bxd7 Rxe1 23. Rxe1 g6 24. Re6 Qd8 25. Ba4 Rc8 26. Kb2 Nxc2 27. f5 Qf8 28. Qxc2 Rxc2+ 29.
Kxc2 gxf5 30. b4 h6 31. Nf3 Qxb4 32. Bb3 Qc5+ 33. Kb1 Qc3 34. Bd1 Ne4 0-1

[Event "Late-Titled-Tuesday-Blitz-November-28-2023"]
[Site "Chess.com"]
[Date "2023.11.28"]
[Round "1"]
[White "NoHeThTo"]
[Black "Zampronha1971"]
[Result "1-0"]
[WhiteElo "2695"]
[BlackElo "2371"]
[TimeControl "180+1"]
[EndTime "14:06:58 PST"]
[Termination "NoHeThTo won on time"]

1. d4 Nf6 2. Nc3 d5 3. Bf4 a6 4. e3 e6 5. Bd3 c5 6. dxc5 Bxc5 7. Nf3 O-O 8. O-O Nc6 9. e4 dxe4 10. Nxe4 Be7 11.
c3 Nxe4 12. Bxe4 Qxd1 13. Rfxd1 Rd8 14. Bxc6 bxc6 15. Bc7 Rd7 16. Ba5 Rb8 17. b4 Bf6 18. Rxd7 Bxd7 19. Rc1 g6 20. Kf1 Kg7 21. Ke2 e5 22. Nd2 Be6 23. a3 Bg5 24. Rd1 Bxd2 25. Rxd2 Bd5 26. f3 f5 27. Ke3 Kf6 28. c4 Bxc4 29.
Rd6+ Kg5 30. Rxc6 Bf1 31. g3 Bb5 32. Re6 f4+ 33. Ke4 fxg3 34. hxg3 Re8 35. Rxe8 Bxe8 36. Kxe5 Bc6 37. Bd8+ Kh5 38. g4+ Kh6 39. f4 Kg7 40. f5 gxf5 41. gxf5 Kf7 42. Bh4 h5 43. Kd6 Be4 44. f6 Bd3 45. a4 Bc2 46. b5 1-0

[Event "Late-Titled-Tuesday-Blitz-November-28-2023"]
[Site "Chess.com"]
[Date "2023.11.28"]
[Round "1"]
[White "DreamsAreFake"]
[Black "SergioMoralesG"]
[Result "1-0"]
[WhiteElo "2641"]
[BlackElo "2339"]
[TimeControl "180+1"]
[EndTime "14:06:58 PST"]
[Termination "DreamsAreFake won on time"]

1. Nf3 d5 2. g3 Bg4 3. Bg2 Nd7 4.
d4 Ngf6 5. O-O e6 6. c4 c6 7. b3 Be7 8. Nc3 O-O 9. h3 Bh5 10. g4 Bg6 11. Nh4 dxc4 12. Nxg6 hxg6 13. bxc4 Nb6 14. Qd3 Qd7 15. Bf4 Rad8 16. Rfd1 Qc8 17. Rab1 c5 18. d5 Bd6 19. Bxd6 Rxd6 20. Nb5 Rdd8 21.
Nxa7 Qc7 22. d6 Qb8 23. Rxb6 Qxa7 24. Qb3 Ra8 25. Rxb7 Qxa2 26. Qxa2 Rxa2 27. d7 Rd8 28. Rc7 Kf8 29. g5 Nh5 30. e3 Ke7 31. Bc6 Rb2 32.
Ra1 Rc2 33. Rc8 Rd2 34. Rxd8 Kxd8 35. Ra8+ Kc7 36. Rc8+ Kb6 37. Bb5 1-0

[Event "Late-Titled-Tuesday-Blitz-November-28-2023"]
[Site "Chess.com"]
[Date "2023.11.28"]
[Round "1"]
[White "Abduzhaparov"]
[Black "Korchmar_Vasiliy"]
[Result "0-1"]
[WhiteElo "2388"]
[BlackElo "2723"]
[TimeControl "180+1"]
[EndTime "14:06:59 PST"]
[Termination "Korchmar_Vasiliy won by resignation"]

1. Nf3 d5 2. c4 e6 3. g3 Nf6 4. Bg2 d4 5. O-O c5 6. e3 Nc6 7.
b4 cxb4 8. exd4 Nxd4 9. Bb2 Nc6 10. d4 Be7 11. d5 exd5 12. cxd5 Na5 13. Re1 O-O 14. Ne5 Bf5 15. Qd4 Rc8 16. Nd2 Rc2 17.
Rad1 Bc5 18. Qf4 Rxb2 19. Qxf5 Rxa2 20. d6 Qxd6 21. Ne4 Nxe4 22. Bxe4 g6 23. Qg5 Rxf2 24. Kh1 h6 25. Rxd6 hxg5 26. Rd5 b6 27. Nd3 Rd2 28. Nxc5 Rxd5 29. Bxd5 bxc5 30. Ra1 Rd8 31. Bf3 Rd3 32. Be2 Ra3 33. Rc1 Nb3 34. Rf1 Ra1 35. Kg2 Rxf1 36.
Bxf1 a5 37. Bc4 Nd2 38. Bd5 b3 39. Kf2 b2 0-1

[Event "Late-Titled-Tuesday-Blitz-November-28-2023"]
[Site "Chess.com"]
[Date "2023.11.28"]
[Round "1"]
[White "WilliamAlfaroCaracas"]
[Black "ahkashefi2800"]
[Result "0-1"]
[WhiteElo "2227"]
[BlackElo "2566"]
[TimeControl "180+1"]
[EndTime "14:06:59 PST"]
[Termination "ahkashefi2800 won on time"]

1. e3 d5 2. c4 c6 3. Nf3 Nf6 4.
d4 Bg4 5. Nbd2 e6 6. h3 Bxf3 7. Nxf3 Ne4 8. a3 Qa5+ 9. Bd2 Nxd2 10. Qxd2 Qxd2+ 11. Kxd2 Nd7 12. c5 Be7 13. Bd3 Bf6 14. b4 e5 15. Bf5 exd4 16. exd4 Nf8 17. Rhe1+ Kd8 18. Ne5 Bxe5 19. Rxe5 Nd7 20. Re3 g6 21. Bxd7 Kxd7 22. Rae1 Rae8 23. Rxe8 Rxe8 24. Rxe8 Kxe8 25. Ke3 Ke7 26. Kf4 f6 27. g4 Ke6 28. h4 h6 29.
h5 g5+ 30. Ke3 Kd7 31. f3 b6 0-1